 Dungeon Crawl Stone Soup version 0.28.0-45-g0d030f2227 (webtiles) character file.

Game seed: 14103152299692249586

28 Icepheonix32 the Skirmisher (level 3, 0/29 HPs)
             Began as a Demonspawn Fighter on Apr 10, 2022.
             Slain by a goblin
             ... wielding a +0 club
             ... led by Robin
              (2 damage)
             ... on level 2 of the Dungeon.
             The game lasted 00:00:41 (836 turns).

Icepheonix32 the Skirmisher (Demonspawn Fighter)     Turns: 836, Time: 00:00:41

Health: 0/29       AC:  6    Str: 18    XL:     3   Next: 0%
Magic:  3/3        EV:  9    Int:  9    God:
Gold:   5          SH:  4    Dex: 12    Spells: 2/2 levels left

rFire   . . .      SeeInvis .   a - +0 long sword
rCold   . . .      Faith    .   c - +0 buckler
rNeg    . . .      Spirit   .   b - +0 scale mail
rPois   .          Reflect  .   (no helmet)
rElec   .          Harm     .   (no cloak)
rCorr   .          Rampage  .   (no gloves)
Will    .....                   (no boots)
Stlth   ..........              (no amulet)
HPRegen 0.09/turn               (no ring)
MPRegen 0.16/turn               (no ring)

@: mighty, attractive
A: demonic guardian 1, magic regeneration
a: no special abilities


You were on level 2 of the Dungeon.
You visited 1 branch of the dungeon, and saw 2 of its levels.

You collected 5 gold pieces.

Inventory:

Hand Weapons
 a - a +0 long sword (weapon)
Armour
 b - a +0 scale mail (worn)
 c - a +0 buckler (worn)
Scrolls
 e - a scroll of silence {unknown}
 f - a scroll of noise {unknown}
 g - a scroll of enchant armour {unknown}


   Skills:
 + Level 3.3 Fighting
 - Level 2.0 Long Blades
 + Level 2.9 Armour
 + Level 0.1 Dodging
 + Level 0.2 Stealth
 + Level 3.0 Shields


You had 2 spell levels left.
You didn't know any spells.
Your spell library was empty.

Dungeon Overview and Level Annotations

Branches:
Dungeon (2/15)

Altars:

Annotations:
D:2 Robin


Innate Abilities, Weirdness & Mutations

A weak demonic guardian rushes to your aid.
You regenerate magic rapidly.


Message History

* * * LOW HITPOINT WARNING * * *
A demonic guardian appears!
The goblin closely misses you. The goblin barely misses you.
You hit the goblin but do no damage. The goblin hits you with a +0 club.
* * * LOW HITPOINT WARNING * * *
Your ufetubus hits the goblin.
Your ufetubus barely misses the goblin.
You block the goblin's attack. x2; Your ufetubus hits the goblin.
The goblin dies!
You hit the goblin.
The goblin is moderately wounded.
Robin throws the goblin at you!
Your ufetubus hits the goblin. x2
The goblin dies!
The goblin closely misses you.
You have reached level 3!
Your experience leads to an increase in your attributes!
Increase (S)trength, (I)ntelligence, or (D)exterity?
You feel stronger. x2; Your demonic ancestry asserts itself...
Your magic begins to regenerate rapidly.
You swap places.
The goblin no longer looks unusually strong.
The hobgoblin no longer looks unusually strong.
The goblin hits your ufetubus with a +0 club.
Your ufetubus misses the goblin. x2
Robin roars a battlecry!
The goblins go into a battle-frenzy!
Items here: )) ††.
It was a potion of attraction.
You feel attractive to monsters.
Your ufetubus hits the goblin. Your ufetubus misses the goblin.
The goblin hits your ufetubus with a +0 club.
Your ufetubus dies!
Your ufetubus disappears in a puff of smoke!
The goblin is attracted toward you. The hobgoblin is attracted toward you.
Robin is attracted toward you.
You feel very mighty all of a sudden. The goblin closely misses you.
You barely miss the goblin.
The goblin is heavily wounded.
You block the goblin's attack. The goblin hits you with a +0 club.
You die...

. # ... #.
######..... #.#
###.@ggg.....
#.$##..†#####..).
#....### . ###..#
#..### #....#
#......##.#
......###.#
...... #.##


You could see Robin, a hobgoblin (strong) and a goblin (strong).

Vanquished Creatures
  A dart slug (D:2)
  2 ball pythons
  A bat (D:1)
  An endoplasm (D:1)
  7 goblins
  4 hobgoblins
  A kobold (D:1)
  A quokka (D:2)
  A frilled lizard (D:1)
19 creatures vanquished.

Vanquished Creatures (collateral kills)
  2 goblins (D:2)
2 creatures vanquished.

Grand Total: 21 creatures vanquished

Notes
Turn   | Place    | Note
-------+----------+-------------------------------------------
     0 | D:1      | Icepheonix32 the Demonspawn Fighter began the quest for the
                  | Orb.
     0 | D:1      | Reached XP level 1. HP: 18/18 MP: 1/1
   616 | D:1      | Gained mutation: A weak demonic guardian rushes to your
                  | aid. [demonic ancestry]
   616 | D:1      | Reached XP level 2. HP: 20/24 MP: 2/2
   687 | D:1      | Found a faded altar of an unknown god.
   823 | D:2      | Noticed Robin
   831 | D:2      | HP: 1/24 [goblin/+0 club[Robin] (3)]
   833 | D:2      | Gained mutation: You regenerate magic rapidly. [demonic
                  | ancestry]
   833 | D:2      | Reached XP level 3. HP: 2/29 MP: 3/3
   836 | D:2      | Slain by a goblin

Illustrated notes

Levels and vault maps discovered:
D:1:      dpeg_arrival_oval, layout_basic, shapermc_ecumenical_altar_pompeii,
          corexii_corridor_pit, kennysheep_doodads
D:2:      layout_rooms, uniq_robin, uniq_crazy_yiuf_cottage

Skill      XL: |  1  2 |
---------------+-------+-----
Shields        | 3 |  3.0
Long Blades    | 2 |  2.0
Fighting       | |  3.3
Armour         | |  2.9
Dodging        | |  0.1
Stealth        | |  0.2

Action                   || total
-------------------------++-------
Melee: Long sword        ||    54
  Use: Potion            ||     2
Armor: Scale mail        ||    18
Dodge: Dodged            ||    19
Block: Buckler           ||     8
